[Event "WR Chess Masters-TB 2023"]
[Site "Duesseldorf"]
[Date "2023.02.25"]
[Round "1"]
[White "Nepomniachtchi, Ian"]
[Black "Aronian, Levon"]
[Result "0-1"]
[ECO "A28"]
[WhiteElo "2793"]
[BlackElo "2736"]
[Annotator "TA"]
[PlyCount "92"]
[EventDate "2023.02.16"]
[EventCountry "GER"]
[SourceTitle "playchess.com"]
[Source "ChessBase"]
[SourceQuality "1"]
[TimeControl "600+2"]

1. c4 Nf6 2. Nc3 e5 3. Nf3 Nc6 4. a3 d5 5. cxd5 Nxd5 6. Qc2 Nxc3 $1 {[%emt 0:00:02][%mdl 4] now scores much better than the old 6...Be7.} 7. bxc3 {[%emt 0:00:02] A28: English Opening: Four Knights Variation.} Bd6 8. e3 O-O 9. d4 {[%emt 0:00:01] The position is equal.} Bg4 {[%emt 0:00:28] [#]} 10. Bd3 $146 ({Predecessor:} 10. Be2 Re8 11. dxe5 Bxe5 12. Nxe5 Nxe5 13. f3 Be6 14. O-O Bc4 15. e4 Qf6 16. Be3 {½-½ Soltau,A (2541)-Voiculescu,C (2522) W-ch32 q03 email 2012}) 10... Bxf3 11. gxf3 (11. Bxh7+ Kh8 12. gxf3 g6 13. Bxg6 fxg6 14. Qxg6 Qh4 $17) 11... Qh4 12. Bb2 g6 (12... Rfe8 {with more complications.} 13. Ke2 g6 14. Be4 f5) 13. d5 Na5 14. c4 b6 15. O-O-O Nb7 16. Rdg1 Nc5 17. Bf1 $1 f5 $36 {[%emt 0:00:22][%mdl 2048] Prevents Rg4. Black is pushing.} 18. Rg3 Rae8 19. Rhg1 Rf7 20. Kb1 Kf8 {[%emt 0:00:27][%cal Bg8f8,Bf8e7,Be7d8,Bd8c8][%mdl 32] Black is much more active.} (20... Qxh2 $6 21. Bh3 $11) 21. Rh3 Qf6 22. Be2 Ke7 23. Bd1 Kd8 24. Qe2 Qe7 25. Bc2 Kc8 26. Ka2 Qd7 27. Rhg3 f4 28. Rg4 e4 $1 {[%emt 0:00:33] And now ...exf3 would win.} 29. exf4 exf3 (29... Rfe7 $5 ) 30. Qxf3 Kb7 31. f5 Be5 (31... Bxh2 $17 32. Rd1 Be5) 32. d6+ c6 33. Bxe5 Rxe5 34. Rd1 gxf5 35. Rg8 {[%emt 0:00:09] [#]} ({White should try} 35. Rf4 $15) 35... Qe6 $1 $19 36. Qc3 {[%emt 0:01:13] [#]} Rd7 $1 {[%emt 0:00:01][%csl LRd6,LRg8] ...Re2 would be deadly.} (36... Re2 37. Kb1 $17) 37. Kb1 Ne4 (37... Qxg8 38. Qxe5 Qxc4 39. Qxf5 $15) (37... Rxd6 $19 38. Rxd6 Qxd6) 38. Bxe4 $17 fxe4 39. Qd4 (39. Qg3 $17) 39... Qxg8 40. Qxe5 Qxc4 $19 {[%emt 0:00:01][%mdl 4096] Endgame Hoping for ...Qb3+. KQR-KQR} 41. Qg3 {[%emt 0:00:07] Dodges Qb3+} Qe6 42. Kb2 c5 43. Qf4 Rf7 ({Don't blunder} 43... Qc4 $2 44. Rd2) (43... b5 $19 {is more deadly. White must now prevent ...Kb6.} 44. Re1 Rf7 45. Rxe4 Rxf4 46. Rxe6 Rxf2+ 47. Kc3 Kc6) 44. Qe3 $2 (44. d7 $17 Rxd7 45. Rxd7+ Qxd7 46. Qxe4+ Kc7 47. Qf4+ Kb7 48. Qe4+ Kc7 49. Qf4+ Kc6 50. Qe4+ Kd6 51. Qf4+ Kc6 52. Qe4+ Kc7) 44... Kc6 (44... Rf3 $142 45. Qe2 Qb3+ {[%mdl 64] Deflection} 46. Ka1 Qa4) 45. Kb1 $2 (45. Qe2) 45... Rd7 ({And not} 45... Rf3 46. d7 Rxe3 47. d8=N+ Kb5 48. Nxe6 $11 (48. a4+ Kxa4 49. Nxe6 Re2 $17)) (45... Kd7 $142 {...Rf3 is the strong threat.} 46. Re1 Rf3 47. Qxf3 exf3 48. Rxe6 Kxe6) 46. Qf4 (46. f3) 46... Qb3+ {[%emt 0:00:03] Weighted Error Value: White=0.58/Black=0.30} ({Inferior is} 46... Rxd6 47. Rxd6+ Qxd6 48. Qxe4+ Qd5 49. Qe8+ Kb7 50. Qe3 $17) 0-1

[Event "WR Chess Masters-TB 2023"]
[Site "Duesseldorf"]
[Date "2023.02.25"]
[Round "1"]
[White "Aronian, Levon"]
[Black "Gukesh D"]
[Result "1-0"]
[ECO "D38"]
[WhiteElo "2736"]
[BlackElo "2718"]
[Annotator "TA"]
[PlyCount "89"]
[EventDate "2023.02.16"]
[EventCountry "GER"]
[SourceTitle "playchess.com"]
[Source "ChessBase"]
[SourceQuality "1"]
[TimeControl "600+2"]

1. d4 d5 2. Nf3 Nf6 3. c4 e6 4. Nc3 Bb4 5. cxd5 exd5 6. Bg5 h6 7. Bh4 O-O {[%emt 0:00:05] D38: Queen's Gambit Declined: Ragozin Defence (4 Nf3 Bb4).} 8. e3 Bf5 9. Qb3 Bxc3+ {[%emt 0:00:10] The position is equal.} 10. Qxc3 g5 {[%emt 0:00:04] The modern move.} 11. Bg3 Ne4 12. Qa3 Nc6 {[%emt 0:00:01] [#]} 13. Nd2 $146 (13. Rc1 $5 ) ({Predecessor:} 13. Bb5 Ne7 14. Nd2 c6 15. Bd3 Nxd2 16. Kxd2 Bxd3 17. Qxd3 Qa5+ 18. Ke2 f5 19. Bd6 {0-1 Carlsen,M (2876)-Firouzja,A (2702) Chess24 Banter Blitz Cup 2019 (7.1)}) 13... a5 14. Nxe4 {[%emt 0:00:21] [#] Threatens to win with Nc3.} (14. Rc1 {seems wilder.} Nb4 15. Qa4 c6 16. Nxe4 dxe4 17. h4) 14... Bxe4 (14... Nb4 $14 15. Rc1 dxe4) 15. f3 Bg6 16. Bd3 Bxd3 17. Qxd3 Qd7 18. O-O Ne7 19. e4 c6 20. e5 Qf5 {[%emt 0:00:02] Prevents f4.} 21. Qb3 b5 {[%emt 0:00:51] [#]} (21... Qg6 $11 {keeps the balance.}) 22. Rac1 (22. f4 $1 $16 ) 22... Rac8 ({Better is} 22... Qg6 $14) 23. Qa3 Ng6 24. Qxa5 {[%emt 0:00:10] White is more active.} h5 25. Qd2 h4 26. Bf2 f6 27. exf6 Rxf6 28. h3 Re6 29. Rfe1 Rce8 30. Rxe6 (30. Rxc6 Rxe1+ 31. Bxe1 Nf4 $11) 30... Rxe6 31. Be3 {[%emt 0:00:16] Prevents Qf4.} Nf4 32. Bxf4 gxf4 (32... Qxf4 $16 33. Qxf4 gxf4) 33. Re1 Rxe1+ (33... Re3 $142 34. Rxe3 fxe3 35. Qxe3 Qb1+ 36. Kh2 Qxb2 37. Qe8+ Kg7) 34. Qxe1 $18 {[%emt 0:00:01][%mdl 4096] Endgame KQ-KQ} Qf6 35. Qd2 Qd6 36. Kf1 Kg7 37. b3 b4 $2 {[%emt 0:00:08][%mdl 8192] Loses the game.} (37... Qa3 $16 38. Kg1 (38. Qxf4 Qxa2 39. Qxh4 Qxb3 $14) 38... c5 39. Qxf4 c4 40. Qxh4 Qxa2) 38. Qe1 Qg6 39. Kg1 (39. Qxh4 Qd3+ 40. Kg1 Qxd4+ 41. Kh2 Qf6 42. Qg4+ Kh7 $14) (39. Qxb4 Qb1+ 40. Qe1 Qd3+ 41. Qe2 Qxd4 $16) 39... Qc2 $2 (39... Qd6 40. Kh2 (40. Qxh4 c5 $18) 40... c5 41. dxc5 (41. Qxh4 c4 $16) 41... Qxc5 42. Qe5+ (42. Qxh4 Qd6 $16) 42... Kh7 43. Qh5+ Kg7 44. Qe5+ (44. Qxh4 Qd6 $18) 44... Kg8 45. Qg5+ (45. Qxf4 d4 $18) 45... Kf7 46. Qxf4+ Ke6 47. Qxh4 Qc3 48. Qg4+ Kd6 49. Qg6+ Kd7 50. Qf5+ Kd6) 40. Qxb4 {[%emt 0:00:16] Hoping for a4.} Qxa2 41. Qb7+ Kg8 42. Qb8+ Kg7 43. Qc7+ Kg8 44. Qd8+ ({Weaker is} 44. Qxf4 Qb1+ 45. Kh2 Qe1 46. Qg4+ Kf8 47. Qf5+ Kg8 48. Qg6+ Kh8 $18) 44... Kg7 45. Qg5+ {[%emt 0:00:02] Weighted Error Value: White=0.22 (precise) /Black=0.32} 1-0

[Event "WR Chess Masters-TB 2023"]
[Site "Duesseldorf"]
[Date "2023.02.25"]
[Round "1"]
[White "Gukesh D"]
[Black "Nepomniachtchi, Ian"]
[Result "1-0"]
[ECO "D35"]
[WhiteElo "2718"]
[BlackElo "2793"]
[Annotator "TA"]
[PlyCount "123"]
[EventDate "2023.02.16"]
[EventCountry "GER"]
[SourceTitle "playchess.com"]
[Source "ChessBase"]
[SourceQuality "1"]
[TimeControl "600+2"]

1. d4 Nf6 2. c4 e6 3. Nf3 d5 4. Nc3 Be7 5. cxd5 exd5 6. Bf4 c6 7. e3 Bf5 8. Nh4 $1 {[%emt 0:00:02][%mdl 4] outshines the older 8.Bd3. D35: Queen's Gambit Declined: Exchange Variation.} Bg4 9. Qc2 Nh5 {[%emt 0:00:14] Hoping for ...Nxf4.} 10. h3 {[%emt 0:00:01] The position is equal.} Be6 11. Nf3 Nxf4 12. exf4 Bd6 {[%emt 0:00:01] [#]} 13. g3 $146 ({Predecessor:} 13. f5 Bd7 14. Bd3 O-O 15. O-O Na6 16. Bxa6 bxa6 17. Rae1 Qf6 18. g4 h5 19. Kg2 {½-½ Ypma,H-Kelbl,J (1871) Van Perlo Memorial-B email 2010 [1]}) 13... Qf6 14. Bd3 g6 15. O-O-O Nd7 16. Ne5 Nb6 17. Kb1 O-O-O 18. Nb5 Kb8 19. Nxd6 Rxd6 20. b3 Nc8 21. h4 Rdd8 22. Rc1 Nd6 23. Rhe1 Rc8 24. Qd2 Rhd8 25. f3 Bf5 26. Bxf5 Qxf5+ 27. Ka1 Rc7 28. Nd3 Qf6 29. Re5 Nf5 30. Qf2 Qd6 31. g4 Ng7 32. Rce1 b6 33. h5 f6 34. R5e2 {[%emt 0:00:08] Black must now prevent h6.} gxh5 35. f5 Kb7 36. Kb2 a5 37. a4 Rdd7 (37... Rf7 $15) 38. Qh2 Qxh2 39. Rxh2 hxg4 40. fxg4 h5 {[%emt 0:00:01][%mdl 64] Deflection} 41. gxh5 Nxf5 42. Rf1 Nxd4 43. Rxf6 Rh7 44. h6 {[%emt 0:00:01][%mdl 1024] Black should prevent Kc3. White has compensation.} (44. Rh4 $5 ) 44... Rce7 45. Kc3 Ne2+ 46. Kd2 Ng3 {[%emt 0:00:01] aiming for ...Ne4+.} 47. Kc2 Ne4 48. Rg6 Rhf7 {[%emt 0:00:17] Inhibits Nf4.} 49. Rhg2 Nf6 50. Rf2 Ne4 (50... Nd7 $5 51. Rfg2 Nf6 $11) 51. Rxf7 Rxf7 $14 {[%emt 0:00:01][%mdl 4096] Endgame KRN-KRN} 52. Ne5 Rf2+ 53. Kd3 {[%emt 0:00:17] Strongly threatening Rg7+.} Rh2 54. Rg7+ (54. Nxc6 {simplifies} Nc5+ 55. Kd4 Nxb3+ 56. Kxd5 Rh5+ 57. Kd6) 54... Ka6 $1 55. h7 Nf6 $2 (55... Nc5+ $11 56. Kc3 b5 57. Nxc6 b4+ 58. Nxb4+ axb4+ 59. Kxb4 Ne4) 56. Nxc6 $18 b5 57. Rg6 $2 (57. Nb8+ $18 {is the precise move to win.} Kb6 58. Rg6 Rxh7 59. Rxf6+ Kb7 60. Na6 bxa4 61. Nc5+ Kc7 62. Ne6+ Kb8 63. bxa4) 57... Nxh7 $2 {[%emt 0:00:02][%mdl 8192] [#] Black cannot hold the game after this.} (57... Rh3+ $16 {is tougher.} 58. Ke2 Rh2+ 59. Ke3 Rh3+ 60. Kf4 Nxh7) 58. Nd8+ $1 Ka7 59. axb5 {[%emt 0:00:01][%cal Ba4b5,Bb5b6,Bb6b7][%mdl 32] b6+ would be deadly.} Nf8 60. b6+ ({Don't do} 60. Ra6+ $6 Kb8 61. Nc6+ (61. Rxa5 Rh3+ 62. Kc2 Kc7 $14) 61... Kc7 $16) 60... Ka6 $2 (60... Kb8 $18 61. Rd6 Rh3+ 62. Kc2 Rh2+ 63. Kc1 Re2 64. Nc6+ (64. Rxd5 Ne6 $18) 64... Kc8 65. Nxa5 Re8 66. Rxd5 Nd7) 61. b7+ Ka7 {[%emt 0:00:04] [#]} 62. Ra6+ $3 {[%emt 0:00:02][%mdl 576] Promotion.   Weighted Error Value: White=0.14 (very precise) /Black=0.33} 1-0

[Event "WR Chess Masters-TB 2023"]
[Site "Duesseldorf"]
[Date "2023.02.25"]
[Round "2"]
[White "Gukesh D"]
[Black "Aronian, Levon"]
[Result "0-1"]
[ECO "C65"]
[WhiteElo "2718"]
[BlackElo "2736"]
[Annotator "TA"]
[PlyCount "184"]
[EventDate "2023.02.16"]
[EventCountry "GER"]
[SourceTitle "playchess.com"]
[Source "ChessBase"]
[SourceQuality "1"]
[TimeControl "600+2"]

1. e4 e5 2. Nf3 Nc6 3. Bb5 Nf6 4. d3 Bc5 5. Bg5 h6 6. Bh4 Ne7 7. Bxf6 gxf6 8. d4 exd4 9. Nbd2 c6 10. Bc4 b5 11. Bd3 d6 12. a4 b4 13. Nb3 Bg4 14. Be2 Bxf3 15. Bxf3 a5 16. Nxd4 Qb6 17. c3 bxc3 18. bxc3 Bxd4 19. cxd4 Qb4+ 20. Kf1 Rb8 21. g3 Qb3 22. Kg2 Qxd1 23. Rhxd1 Kd7 24. Bg4+ Kc7 $1 25. Rd3 h5 26. Bd1 Rb4 27. h4 f5 28. exf5 Nxf5 (28... d5 $11) 29. d5 $1 $16 c5 30. Rf3 Nd4 31. Rxf7+ Kb6 32. Rd7 c4 33. Rxd6+ Kc5 34. Rd7 $1 Rb2 35. Rc1 Rf8 36. Bxh5 Rfxf2+ 37. Kh3 Nf5 38. Kg4 (38. Ra7 $1 $16) 38... Ne3+ $14 39. Kg5 Rf5+ 40. Kg6 Rg2 41. g4 Rxd5 42. Rc7+ (42. Rxd5+ $14 Nxd5 43. Kg5) 42... Kd6 $1 $11 43. R7xc4 Nxc4 44. Rxc4 Rb2 45. g5 Rb4 46. Be2 Rxc4 (46... Rd2 $5 47. Bf1 $8 Rxc4 {[%mdl 64] Remove Defender} 48. Bxc4 Rd4 $11) 47. Bxc4 Rd4 48. Bb5 Rxh4 49. Kg7 $2 (49. Kf5 $11 {and White stays safe.}) 49... Ke7 (49... Ke6 $19 50. Bc6 Rc4) 50. g6 (50. Kg6 $17) 50... Rb4 $2 ({Worse is} 50... Rg4 51. Bc6 $17) (50... Rd4 $19 {...Rh4 is the strong threat.} 51. Bc6 Rg4) 51. Bc6 $1 $11 Rc4 52. Bb5 $1 Rc7 ({Of course not} 52... Rg4 $6 53. Bc6 $17) 53. Bd3 $2 (53. Kh7 $11) 53... Ke6+ $19 54. Kf8 Kf6 55. Ke8 Rc1 56. Bb5 Rd1 $1 ({Weaker is} 56... Kxg6 57. Kd7 $11) 57. Bd7 $2 (57. g7 $19 Kxg7 58. Ke7) 57... Kxg6 58. Kd8 Rc1 $2 (58... Kf6 $1 59. Kc7 Ke5 60. Bh3 Rd6 61. Bg2 Rg6 62. Bc6 Re6 63. Bf3 Kd4 64. Bg4 Rf6 65. Kd8 Rh6 66. Ke8 Kc5 67. Kf7 Rb6 68. Ke7 Kb4 69. Bd1 Rg6 70. Bh5 Rg5 71. Bd1 Rg1 72. Bc2 Rc1 73. Bf5 Kxa4 74. Bd7+ Kb4 75. Ke6 Rc7 76. Be8 Ra7 77. Bh5 a4 78. Bf3 Kc5 79. Ke5 a3 80. Bd5 Re7+ 81. Be6 a2 82. Kf6 Rxe6+ {[%mdl 64] Promotion} 83. Kxe6 a1=Q 84. Kf5 Kd5 85. Kf4 Qc3 86. Kg5 Qe5+ 87. Kh4 Qg7 88. Kh3 Ke4 89. Kh4 Kf4 90. Kh5 Qh7#) 59. Bb5 $2 (59. Ke7 $11) 59... Kf6 60. Kd7 Ke5 $1 61. Bc6 Kd4 62. Kd6 Kc4 $2 (62... Rf1 {( -> ...Rf6+)} 63. Ke6 Kc5) 63. Bb5+ $19 Kb4 64. Kd5 Rd1+ 65. Ke4 Kc3 66. Ke5 $2 (66. Bc6 $19) 66... Rd4 67. Be8 {[%emt 0:00:03] [#]} Rh4 $2 (67... Kc4 $1 68. Bc6 Kc5 69. Be8 Rb4 70. Kf6 Rb6+ 71. Kg5 Rb8 72. Bd7 Kd6 73. Bf5 Rb4 74. Bc2 Kc5 75. Kf6 Rb2 76. Bd3 Kb4 77. Kg7 Kxa4 78. Be4 Kb4 79. Bc6 Rd2 80. Kg8 a4 81. Bxa4 Kxa4 82. Kf7 Rd6 83. Ke7 Rb6 84. Kf7 Kb5 85. Ke7 Kc5 86. Kf7 Rd6 87. Kg7 Kc6 88. Kg8 Kd7 89. Kf7 Re6 90. Kg8 Ke8 91. Kg7 Ke7 92. Kh8 Kf8 93. Kh7 Kf7 94. Kh8 Rh6#) 68. Bb5 $19 Rh5+ 69. Ke4 Rc5 70. Bd7 Kb4 71. Bb5 Rc1 $2 (71... Rc8 $19 72. Ke5 Rd8) 72. Kd3 $2 (72. Kd5 $1 $11 {and White has nothing to worry.} Rd1+ 73. Ke5) 72... Rd1+ $2 (72... Rf1 $19 {And now ...Rf2 would win.} 73. Kd4 Rf4+ 74. Ke5 Rf2) 73. Kc2 $2 (73. Ke4 $11 Kc5 74. Ke3) 73... Rd8 74. Kb2 Rd2+ 75. Kc1 {[%emt 0:00:01] [#]} Kc3 $1 76. Kb1 Rb2+ $2 (76... Kb3 {mates} 77. Kc1 Rd8 78. Be2 Kxa4 79. Bg4 Rd6 80. Bf5 Kb4 81. Bh7 Rd8 82. Bf5 Re8 83. Kd2 a4 84. Bb1 Rf8 85. Kd3 Rf3+ 86. Ke4 Rb3 87. Ba2 Ka3 88. Bxb3 axb3 89. Kd3 b2 90. Ke3 b1=Q 91. Kf3 Qf5+ 92. Kg2 Kb4 93. Kh2 Kc5 94. Kg2 Kd4 95. Kh2 Ke3 96. Kg2 Qg6+ 97. Kh3 Kf3 98. Kh4 Qh6#) 77. Kc1 $19 Rb4 78. Kd1 Rb2 79. Kc1 $1 Rd2 $2 (79... Ra2 $19 80. Kd1 Kd4) 80. Kb1 $1 Kb3 81. Kc1 Rd8 82. Be2 Kxa4 83. Kb1 Kb3 84. Bg4 Rd6 85. Bh5 Rf6 86. Bd1+ Ka3 87. Bh5 Rb6+ 88. Kc2 Rb2+ 89. Kc1 Rb4 90. Bf7 Ka4 91. Be8+ Kb3 92. Bf7+ Kc3 0-1